 Dungeon Crawl Stone Soup version 0.18-a0-1045-g4e042de (webtiles) character file.

450 M4edhros the Sneak (level 7, -3/43 HPs)
             Began as an Octopode Artificer on Jan 11, 2016.
             Was a Follower of Fedhas.
             Killed from afar by an orc wizard (13 damage)
             ... with a puff of frost
             ... on level 3 of the Dungeon.
             The game lasted 00:06:28 (2638 turns).

M4edhros the Sneak (Octopode Artificer)             Turns: 2638, Time: 00:06:28

Health: -3/43      AC:  1    Str: 11    XL:     7   Next: 4%
Magic:  19/19      EV: 13    Int: 15    God:    Fedhas [*.....]
Gold:   123        SH:  4    Dex: 13    Spells: 0 memorised, 6 levels left

rFire  . . .     SeeInvis +     u - +0 hunting sling (curse)
rCold  . . .     Gourm    .     p - +0 buckler
rNeg   . . .     Faith    .     (helmet restricted)
rPois  .         Spirit   .     (no amulet)
rElec  .         Dismiss  .     h - ring of see invisible
rCorr  +         Reflect  .     q - ring of magical power
SustAt .         Harm     .     v - ring of resist corrosion
MR     .....                    (no ring)
Stlth  ++++......               (no ring)
                                (no ring)
                                (no ring)
                                (no ring)

@: not resistant to hostile enchantments, stealthy
A: almost no armour, amphibious, 8 rings, constrict 8, camouflage 1, gelatinous
body 1
a: Evolution, Renounce Religion


You were on level 3 of the Dungeon.
You worshipped Fedhas.
Fedhas was aware of your devotion.
You were not hungry.

You visited 1 branch of the dungeon, and saw 4 of its levels.

You collected 123 gold pieces.

Inventory:

Hand Weapons
 a - a +0 short sword
 u - a cursed +0 hunting sling (weapon)
 A - a +2 dagger of speed
Missiles
 i - 19 sling bullets
 j - 112 stones (quivered)
Armour
 p - a +0 buckler (worn)
Jewellery
 h - a ring of see invisible (left tentacle)
 q - a ring of magical power (right tentacle)
 v - a ring of resist corrosion (on tentacle)
Wands
 b - a wand of flame (13/48)
 c - a wand of enslavement (13/24)
 d - a wand of random effects (9/48)
 n - a wand of confusion (2/48)
 z - a wand of slowing (13/48)
Scrolls
 g - a scroll of fear {unknown}
 l - 2 scrolls of noise {unknown}
 m - a scroll of magic mapping {unknown}
 o - a scroll of remove curse {unknown}
 t - 2 scrolls of blinking {unknown}
 w - a scroll of recharging {unknown}
 y - a scroll of identify {unknown}
Potions
 e - a potion of lignification
 k - a potion of might
 s - a potion of heal wounds
Comestibles
 f - 4 bread rations
 x - a royal jelly


   Skills:
 - Level 1.0 Fighting
 - Level 1.0 Short Blades
 * Level 2.0 Slings
 + Level 3.7 Dodging
 + Level 5.0 Stealth
 + Level 2.5 Shields
 + Level 1.9 Invocations
 + Level 4.6 Evocations


You had 6 spell levels left.
You didn't know any spells.

Dungeon Overview and Level Annotations

Branches:
Dungeon (4/15)
 Temple: D:4-7

Altars:
Fedhas
Gozag
Pakellas
Qazlal
Ru
Yredelemnul

Annotations:
D:4 Eustachio


Innate Abilities, Weirdness & Mutations

You cannot wear most types of armour.
You are amphibious.
You can wear up to eight rings at the same time.
You can use your tentacles to constrict eight enemies at once.
Your skin changes colour to match your surroundings (Stealth).
Your rubbery body absorbs attacks (AC +1).


Message History

The orc wizard misses you.
Firing (i - inventory. (,) - cycle):
j - 114 stones (quivered)
Press: ? - help, Shift-Dir - straight line, f/p - orc wizard
Aim: an orc wizard, wielding a dagger and wearing a robe (moderately wounded, fast)
You shoot a stone.
You feel less invigorated.
You feel less confused. The orc wizard casts a spell at you.
The puff of flame hits you! The orc wizard casts a spell at you.
The puff of flame hits you!
* * * LOW HITPOINT WARNING * * *
Firing (i - inventory. (,) - cycle):
j - 113 stones (quivered)
Press: ? - help, Shift-Dir - straight line, f/p - orc wizard
Aim: an orc wizard, wielding a dagger and wearing a robe (moderately wounded, fast)
You shoot a stone.
The stone closely misses the orc wizard.
The orc wizard casts a spell at you. The puff of frost hits you!
You die...
Fedhas appreciates your contribution to the ecosystem.

#.# #>........................
#f######.#.###.........(.#.#.#.#.
#.f.f.##.#.# #...........###.#.#.
#####.##.#.# #...........#...#.#.
#.##.#.# #...........#.#...#.
#f##.#.###.f...........###...
#.##.#...f.........(.########
#.##.#.##..............)..P#
#.##.####...@o.....(..####.##
#.#.(.).(.............# #.#.
#.#....#...##########.# #f#.
#.#.##.#...##########.# #.#.
#.#.##.#..(.).........####...
#.#.##.#..#[############.....
#...f..#...........# ##.####
#.###.....#.##..##.# #......
#.###.#####.#..f...# #......


You could see an orc wizard and 2 friendly wandering mushrooms.

Vanquished Creatures
  Crazy Yiuf (D:2)
  Ijyb (D:3)
  3 orc wizards
  4 adders
  2 oozes
  A worm (D:2)
  14 orcs
  A ball python (D:2)
  3 giant cockroaches
  4 hobgoblins
  6 jackals
  8 bats
  A giant gecko skeleton (D:4)
  5 giant newts
  11 goblins
  5 kobolds
  4 rats
74 creatures vanquished.

Vanquished Creatures (collateral kills)
  Grinder (D:3)
  An orc wizard (D:3)
  Jessica (D:3)
  Robin (D:2)
  3 orcs (D:3)
  A goblin (D:2)
  2 hobgoblins (D:2)
10 creatures vanquished.

Vanquished Creatures (others)
  2 goblins (D:2)
  31 toadstools
33 creatures vanquished.

Grand Total: 117 creatures vanquished

Notes
Turn   | Place    | Note
--------------------------------------------------------------
     0 | D:1      | M4edhros the Octopode Artificer began the quest for the Orb.
     0 | D:1      | Reached XP level 1. HP: 13/13 MP: 3/3
   171 | D:1      | Reached XP level 2. HP: 16/18 MP: 4/4
   376 | D:2      | Noticed Robin
   577 | D:3      | Reached XP level 3. HP: 16/23 MP: 5/5
   997 | D:4      | Reached skill level 4 in Evocations
  1040 | D:4      | Reached XP level 4. HP: 17/28 MP: 7/7
  1114 | D:4      | Reached skill level 1 in Shields
  1122 | D:4      | Reached XP level 5. HP: 22/33 MP: 8/8
  1146 | D:4      | Found a basalt altar of Yredelemnul.
  1151 | D:4      | Found a blossoming altar of Fedhas.
  1152 | D:4      | Found a stormy altar of Qazlal.
  1152 | D:4      | Found an opulent altar of Gozag.
  1152 | D:4      | Found a sacrificial altar of Ru.
  1152 | D:4      | Found an oddly glowing altar of Pakellas.
  1174 | D:4      | Became a worshipper of Fedhas Madash
  1213 | D:4      | Noticed Eustachio
  1707 | D:2      | Reached * piety under Fedhas
  1730 | D:2      | Killed Robin
  1779 | D:2      | Noticed Crazy Yiuf
  1807 | D:2      | Killed Crazy Yiuf
  2098 | D:3      | Reached XP level 6. HP: 19/38 MP: 9/9
  2249 | D:3      | Noticed Grinder
  2267 | D:3      | Killed Grinder
  2267 | D:3      | Reached skill level 1 in Slings
  2267 | D:3      | Reached skill level 1 in Invocations
  2318 | D:3      | Noticed Ijyb
  2331 | D:3      | Killed Ijyb
  2460 | D:3      | Noticed Jessica
  2503 | D:3      | Killed Jessica
  2577 | D:3      | Reached skill level 5 in Stealth
  2604 | D:3      | Reached XP level 7. HP: 28/43 MP: 10/10
  2638 | D:3      | Killed from afar by an orc wizard

Vault maps used:
D:1:      scummos_arrival_forest
D:2:      uniq_robin, uniq_crazy_yiuf_cottage
D:3:      first_bread, uniq_jessica, uniq_grinder, uniq_iyjb
D:4:      grunt_temple_overflow_open, uniq_eustachio

Action                   |  1- 3 |  4- 6 |  7- 9 || total
-------------------------+-------+-------+-------++-------
Melee: Short sword       |    66 |    57 |       ||   123
 Fire: Hunting sling     |       |   105 |     9 ||   114
Invok: Evolution         |       |     2 |       ||     2
Evoke: Wand              |     3 |     4 |     3 ||    10
  Use: Potion            |       |     5 |     1 ||     6
 Stab: Sleeping          |     8 |     5 |       ||    13
       Distracted        |       |     2 |       ||     2
  Eat: Meat ration       |       |     1 |       ||     1
       Chunk             |       |     1 |       ||     1
